 Dungeon Crawl Stone Soup version 0.29.0-4-gdea44cf6ec (webtiles) character file.

Game seed: 1654461155920974366

154 qw the Chopper (level 5, -1/53 HPs)
             Began as an Ogre Enchanter on Sept 4, 2022.
             Slain by an adder (2 damage)
             ... on level 3 of the Dungeon.
             The game lasted 00:01:45 (3089 turns).

qw the Chopper (Ogre Enchanter)                     Turns: 3089, Time: 00:01:46

Health: -1/53      AC:  3    Str: 14    XL:     5   Next: 35%
Magic:  8/8        EV:  9    Int: 16    God:
Gold:   135        SH:  0    Dex:  9    Spells: 8/8 levels left

rFire   . . .      SeeInvis .   Y - +0 flail
rCold   . . .      Faith    .   (no shield)
rNeg    . . .      Spirit   .   b - +0 robe
rPois   .          Reflect  .   (helmet restricted)
rElec   .          Harm     .   (no cloak)
rCorr   .          Rampage  .   (gloves unavailable)
Will    .....                   (boots unavailable)
Stlth   ++........              (no amulet)
HPRegen 0.17/turn               (no ring)
MPRegen 0.11/turn               (no ring)

@: lethally poisoned (-1 -> -7)
A: large, unfitting armour, tough skin 1
a: no special abilities


You were on level 3 of the Dungeon.
You visited 1 branch of the dungeon, and saw 3 of its levels.

You collected 135 gold pieces.


Innate Abilities, Weirdness & Mutations

You are too large for most types of armour.
You have tough skin. (AC +1)


   Skills:
 + Level 3.2 Fighting
 - Level 0.8 Short Blades
 - Level 4.0 Axes
 - Level 1.7 Dodging
 - Level 2.1 Stealth
 - Level 2.4 Spellcasting
 - Level 2.6 Hexes


You had 8 spell levels left.
You didn't know any spells.
Your spell library contained the following spells:

 Spells                   Type           Power      Damage    Failure   Level
 Ensorcelled Hibernation  Hex/Ice        12%        N/A       17%         2
 Confusing Touch          Hex            10%        N/A       21%         3
 Tukima's Dance           Hex            10%        N/A       21%         3
 Dazzling Flash           Conj/Hex       12%        N/A       34%         3

Inventory:

Hand Weapons
 Y - a +0 flail (weapon)
Missiles
 g - a boomerang (quivered)
Armour
 b - a +0 robe (worn)
Scrolls
 c - a scroll of summoning {unknown}
 e - a scroll of identify
Potions
 a - a potion of cancellation
 d - 2 potions of curing {unknown}
 f - a potion of might
 m - a potion of brilliance {unknown}
 n - a potion of attraction {unknown}

Dungeon Overview and Level Annotations

Branches:
Dungeon (3/15)

Altars:

Shops:
D:2 [


Message History

You hit the iguana.
The iguana is severely wounded.
The iguana closely misses you. The adder bites you.
The iguana bites you but does no damage.
The adder bites you.
You closely miss the iguana.
The iguana is severely wounded.
The adder closely misses you. The iguana bites you.
You hit the iguana but do no damage.
The iguana is severely wounded.
The adder bites you but does no damage. The iguana bites you.
The adder bites you.
You hit the iguana but do no damage.
The iguana is severely wounded.
The adder bites you but does no damage. The iguana barely misses you.
The adder barely misses you. The iguana closely misses you.
You hit the iguana.
The iguana is almost dead.
The adder barely misses you. The iguana bites you!
You barely miss the iguana.
The iguana is almost dead.
The adder bites you.
You are poisoned.
The adder poisons you!
The iguana bites you but does no damage.
The adder bites you.
You sock the iguana!
You kill the iguana!
You feel very sick. The adder misses you.
The adder bites you but does no damage.
Your Axes skill increases to level 4!
You barely miss the adder.
You feel sick. The adder bites you but does no damage.
You closely miss the adder.
You feel sick. The adder bites you. The adder closely misses you.
You closely miss the adder.
You feel sick. The adder bites you.
You are more poisoned.
The adder poisons you! The adder bites you.
You die...

....##..###.#....#...##.#
.....#..# #.####.#.####.#
.[......# #.# #.#
....###%# #.# #.#
....#.#.##########.# #.#
....#..............# #.#
#.#.#.#.###############.#
#.......................#
........########@########
#.######%.......S# .
#........# #.......#
##......# ........#
####....# ..:..#


You could see an adder.

Vanquished Creatures
  A jelly (D:3)
  A hound (D:3)
  An iguana (D:3)
  2 adders (D:3)
  2 worms (D:2)
  6 orcs (D:3)
  4 endoplasms
  A giant cockroach (D:1)
  2 goblins (D:2)
  6 hobgoblins
  A kobold (D:1)
  4 ball pythons
  2 bats
  3 frilled lizards
  3 rats
39 creatures vanquished.

Notes
Turn   | Place    | Note
-------+----------+-------------------------------------------
     0 | D:1      | qw the Ogre Enchanter began the quest for the Orb.
     0 | D:1      | Reached XP level 1. HP: 16/16 MP: 3/3
     0 | D:1      | 0 ||| qw: Version: 0.1-a-102-g441f92d
     0 | D:1      | 0 ||| qw: Game counter: 5300
     0 | D:1      | 0 ||| qw: Always use a shield: true
     0 | D:1      | 0 ||| qw: God list: Okawaru
     0 | D:1      | 0 ||| qw: Allow faded altars: false
     0 | D:1      | 0 ||| qw: Do Orc after D:15 true
     0 | D:1      | 0 ||| qw: Do second Lair branch before Depths: true
     0 | D:1      | 0 ||| qw: Lair rune preference: random
     0 | D:1      | 0 ||| qw: Plans: Normal
     0 | D:1      | 0 ||| PLANNING D:1-11
   167 | D:1      | Reached skill level 1 in Axes
   265 | D:1      | Reached skill level 1 in Fighting
   288 | D:1      | 288 ||| SWAPPING to +0 whip.
   289 | D:1      | 289 ||| DROPPING +1 dagger.
   324 | D:1      | 324 ||| Stepping ~*~*~tactically~*~*~ (stealth).
   330 | D:1      | Reached XP level 2. HP: 24/27 MP: 5/5
   333 | D:1      | 333 ||| Stepping ~*~*~tactically~*~*~ (outnumbered).
   334 | D:1      | 334 ||| Stepping ~*~*~tactically~*~*~ (outnumbered).
   335 | D:1      | 335 ||| Stepping ~*~*~tactically~*~*~ (outnumbered).
   750 | D:1      | 750 ||| READING scroll labelled ZATTAOGUSERO.
   751 | D:1      | 751 ||| READING scroll labelled NAQ ASISTAYSK.
   752 | D:1      | 752 ||| READING 3 scrolls labelled PELEGU JUOMO.
   753 | D:1      | 753 ||| DRINKING 2 black potions.
   754 | D:1      | 754 ||| DROPPING 2 potions of invisibility.
   880 | D:2      | Found a faded altar of an unknown god.
   946 | D:2      | 946 ||| Stepping ~*~*~tactically~*~*~ (outnumbered).
   947 | D:2      | 947 ||| Stepping ~*~*~tactically~*~*~ (outnumbered).
   948 | D:2      | 948 ||| Stepping ~*~*~tactically~*~*~ (outnumbered).
   953 | D:2      | Reached skill level 2 in Axes
  1118 | D:2      | 1118 ||| FLEEEEING.
  1125 | D:2      | 1125 ||| Stepping ~*~*~tactically~*~*~ (stealth).
  1128 | D:2      | 1128 ||| Stepping ~*~*~tactically~*~*~ (stealth).
  1171 | D:2      | Found Derghesi's Antique Armour Emporium.
  1176 | D:2      | Identified the +1 leather armour of Wyugia Feck {Rampage
                  | Will+ Slay+2}
  1187 | D:2      | 1187 ||| SHOPLISTING runed robe (88 gold, have 64).
  1224 | D:2      | 1224 ||| SWAPPING to +0 flail.
  1225 | D:2      | 1225 ||| DROPPING +0 whip.
  1420 | D:2      | Reached XP level 3. HP: 25/35 MP: 6/6
  2004 | D:2      | 2004 ||| READING scroll labelled QITZEJ XUWOSIU.
  2149 | D:2      | 2149 ||| READING scroll labelled URYAMYASK.
  2150 | D:2      | 2150 ||| READING scroll labelled PAINIU VUGIV.
  2153 | D:2      | 2153 ||| READING scroll labelled MUFRAA JIOFOCAI.
  2154 | D:2      | 2154 ||| READING scroll labelled HOBUNGEERCH.
  2155 | D:2      | 2155 ||| DRINKING 2 smoky brown potions.
  2185 | D:2      | 2185 ||| READING 2 scrolls of identify.
  2185 | D:2      | 2185 ||| IDENTIFYING fuming blue potion
  2186 | D:2      | 2186 ||| DROPPING potion of lignification.
  2234 | D:3      | Reached skill level 3 in Axes
  2234 | D:3      | Reached XP level 4. HP: 18/42 MP: 7/7
  2234 | D:3      | 2234 ||| FLEEEEING.
  2235 | D:3      | 2235 ||| FLEEEEING.
  2236 | D:3      | 2236 ||| FLEEEEING.
  2237 | D:3      | 2237 ||| FLEEEEING.
  2239 | D:3      | 2239 ||| FLEEEEING.
  2240 | D:3      | 2240 ||| FLEEEEING.
  2241 | D:3      | 2241 ||| FLEEEEING.
  2242 | D:3      | 2242 ||| FLEEEEING.
  2243 | D:3      | 2243 ||| FLEEEEING.
  2244 | D:3      | 2244 ||| FLEEEEING.
  2246 | D:3      | 2246 ||| FLEEEEING.
  2248 | D:3      | 2248 ||| FLEEEEING.
  2249 | D:3      | 2249 ||| FLEEEEING.
  2250 | D:3      | 2250 ||| FLEEEEING.
  2251 | D:3      | 2251 ||| FLEEEEING.
  2252 | D:3      | 2252 ||| FLEEEEING.
  2253 | D:3      | 2253 ||| STAIRDANCE
  2452 | D:3      | 2452 ||| Stepping ~*~*~tactically~*~*~ (stealth).
  2453 | D:3      | 2453 ||| Stepping ~*~*~tactically~*~*~ (stealth).
  2461 | D:3      | Reached skill level 3 in Fighting
  2461 | D:3      | 2461 ||| Stepping ~*~*~tactically~*~*~ (stealth).
  2462 | D:3      | 2462 ||| Stepping ~*~*~tactically~*~*~ (stealth).
  2463 | D:3      | 2463 ||| Stepping ~*~*~tactically~*~*~ (stealth).
  2464 | D:3      | 2464 ||| Stepping ~*~*~tactically~*~*~ (stealth).
  2465 | D:3      | 2465 ||| Stepping ~*~*~tactically~*~*~ (stealth).
  2466 | D:3      | 2466 ||| Stepping ~*~*~tactically~*~*~ (stealth).
  2487 | D:3      | 2487 ||| Stepping ~*~*~tactically~*~*~ (stealth).
  2509 | D:3      | 2509 ||| Stepping ~*~*~tactically~*~*~ (stealth).
  2523 | D:3      | 2523 ||| Stepping ~*~*~tactically~*~*~ (stealth).
  2572 | D:3      | Reached XP level 5. HP: 22/53 MP: 8/8
  2624 | D:3      | 2624 ||| Stepping ~*~*~tactically~*~*~ (stealth).
  2710 | D:3      | 2710 ||| Stepping ~*~*~tactically~*~*~ (stealth).
  2734 | D:3      | 2734 ||| FLEEEEING.
  2735 | D:3      | 2735 ||| FLEEEEING.
  2736 | D:3      | 2736 ||| FLEEEEING.
  2855 | D:3      | 2855 ||| Stepping ~*~*~tactically~*~*~ (stealth).
  2857 | D:3      | 2857 ||| Stepping ~*~*~tactically~*~*~ (stealth).
  3073 | D:3      | 3073 ||| Stepping ~*~*~tactically~*~*~ (stealth).
  3075 | D:3      | 3075 ||| Stepping ~*~*~tactically~*~*~ (stealth).
  3085 | D:3      | HP: 13/53 [adder (2)]
  3087 | D:3      | Reached skill level 4 in Axes
  3088 | D:3      | HP: 4/53 [adder (3)]
  3089 | D:3      | HP: 1/53 [adder (1)]
  3089 | D:3      | Slain by an adder

Levels and vault maps discovered:
D:1:      minmay_arrival_cross, layout_loops_ring
D:2:      layout_loops_cross, hellmonk_ecumenical_altar_arch_garden,
          serial_shops, nicolae_shop_overgrown_old_shop, grunt_ministairs_3,
          hex_tiny
D:3:      layout_basic, mainiacjoe_overflow_brackets, minmay_misc_feat_room,
          minmay_cut_off, uniq_crazy_yiuf_cottage

Skill      XL: |  1  2  3  4  5 |
---------------+----------------+-----
Axes           | 1 2 3 4 |  4.0
Fighting       | 1 2 3 |  3.2
Short Blades   | |  0.8
Dodging        | |  1.7
Stealth        | |  2.1
Spellcasting   | |  2.4
Hexes          | |  2.6

Action                   |  1- 3 |  4- 6 || total
-------------------------+-------+-------++-------
Melee: Dagger            |    25 |       ||    25
       Whip              |    58 |       ||    58
       Flail             |    38 |    60 ||    98
Throw: Boomerang         |       |     9 ||     9
  Use: Scroll            |     9 |       ||     9
       Potion            |     2 |       ||     2
Armor: Robe              |    47 |    23 ||    70
Dodge: Dodged            |    61 |    29 ||    90

Table legend:
 A = Non-vault XP
 B = Vault XP
 C = Vault XP percentage of total XP
 D = Non-vault monster count
 E = Vault monster count
 F = Vault count percentage of total count
                 A         B        C        D         E       F
            +---------+---------+-------+---------+---------+-------
      Total |     134 |      86 |  39.1 |      35 |       4 |  10.3
            +---------+---------+-------+---------+---------+-------
        D:1 |      18 |       0 |   0.0 |      12 |       0 |   0.0
        D:2 |      24 |       4 |  14.3 |      10 |       2 |  16.7
        D:3 |      92 |      82 |  47.1 |      13 |       2 |  13.3
            +---------+---------+-------+---------+---------+-------
